 Dungeon Crawl Stone Soup version 0.31.0-11-ge490571c62 (webtiles) character file.

Game seed: 9019540514553287311

35 Ashen the Grasshopper (level 3, -12/32 HPs)
             Began as a Naga Warper on Jan 26, 2024.
             Mangled by a gnoll
             ... wielding a +0 whip of electrocution
              (17 damage)
             ... on level 1 of the Dungeon.
             The game lasted 00:02:21 (1072 turns).

Ashen the Grasshopper (Naga Warper)                 Turns: 1072, Time: 00:02:22

Health: -12/32     AC:  2    Str: 13    XL:     3   Next: 33%
Magic:  6/6        EV:  9    Int: 13    God:
Gold:   45         SH:  0    Dex: 12    Spells: 6/6 levels left

rFire   . . .        f - +0 trident
rCold   . . .        (no shield)
rNeg    . . .        b - +0 leather armour
rPois   +            (no helmet)
rElec   .            (no cloak)
rCorr   .            (no gloves)
SInv    +            (no barding)
Will    .....        (no amulet)
Stlth   +            (no ring)
HPRegen 0.25/turn    (no ring)
MPRegen 0.10/turn

%: no passive effects
@: short of breath, very slow
A: AC +1, large, see invisible, deformed body, poison resistance, slowness 2,
spit poison 1, naga tail 1
a: Spit Poison


You were on level 1 of the Dungeon.
You visited 1 branch of the dungeon, and saw 1 of its levels.

You collected 45 gold pieces.

Inventory:

Hand Weapons
 f - a +0 trident (weapon)
Missiles
 d - 7 darts of dispersal (quivered)
Armour
 b - a +0 leather armour (worn)
Scrolls
 a - a scroll of brand weapon {unknown}
 c - a scroll of blinking
 e - 4 scrolls of enchant weapon {unknown}
Potions
 g - a potion of might {unknown}
 h - a potion of curing {unknown}


   Skills:
 + Level 2.2 Fighting
 + Level 2.3 Polearms
 - Level 0.9 Throwing
 + Level 1.1 Armour
 + Level 1.9 Dodging
 + Level 2.2 Spellcasting
 + Level 3.2 Translocations


You had 6 spell levels left.
You didn't know any spells.
Your spell library contained the following spells:

 Spells                   Type           Power      Damage    Failure   Level
 Blink                    Tloc           18%        N/A       13%         2
 Lesser Beckoning         Tloc           18%        N/A       13%         2
 Teleport Other           Tloc           9%         N/A       26%         3
 Manifold Assault         Tloc           9%         N/A       63%         4
 Call Canine Familiar     Summ           1%         N/A       67%         3
 Sigil of Binding         Hex            1%         N/A       67%         3
 Dimensional Bullseye     Hex/Tloc       2%         N/A       85%         4
 Vhi's Electric Charge    Tloc/Air       10%        N/A       85%         4


Dungeon Overview and Level Annotations

Branches:
Dungeon (1/15)

Altars:

Shops:
D:1 =


Innate Abilities, Weirdness & Mutations

Your serpentine skin is tough. (AC +1)
You have supernaturally acute eyesight. (SInv)
Armour fits poorly on your strangely shaped body.
Your system is resistant to poisons. (rPois)
You cover ground very slowly.
You can spit poison.
You have a snake-like lower body.


Message History

A goblin is nearby!
The goblin shouts!
You hear a bark! x2
You miss the goblin. The goblin hits you with a +0 club.
You closely miss the goblin. The goblin barely misses you.
You hit the goblin.
You kill the goblin!
No target in view!
Things that are here:
a +0 club; a goblin corpse A gnoll comes into view.
It is wielding a +0 whip of electrocution.
A gnoll is nearby!
You reach to attack!
You hit the gnoll.
The gnoll is lightly wounded.
You barely miss the gnoll.
The gnoll is lightly wounded.
The gnoll hits you with a +0 whip of electrocution.
You hit the gnoll.
The gnoll is moderately wounded.
The gnoll hits you but does no damage.
You are electrocuted!!
Ouch! That really hurt!
You are too injured to fight recklessly!
You are too injured to fight recklessly!
Unknown command.
You puncture the gnoll!
The gnoll is severely wounded.
The gnoll closely misses you. The gnoll barely misses you.
You hit the gnoll.
The gnoll is almost dead.
A jackal comes into view.
The gnoll hits you with a +0 whip of electrocution.
* * * LOW HITPOINT WARNING * * *
Aiming: Spit Poison (2% risk of failure)
Press: ? - help, Shift-Dir - straight line, f/p - gnoll
Aim: a gnoll, wielding a +0 whip of electrocution (almost dead, 65% to hit)
The splash of poison misses the gnoll.
The gnoll hits you with a +0 whip of electrocution.
* * * LOW HITPOINT WARNING * * *
You are electrocuted!
Ouch! That really hurt!
You die...

#..>.#
##.....## #
#.####
##...## ##
#.# ##+## #.
#.# ##
#####.##### #
#.........#
#.###.###.#
#.# #)# #.#
#@#
#....g......h
#####.#.###.#
#.#.# ..# #
###


You could see a gnoll and a jackal (wandering).

Vanquished Creatures
  A dart slug (D:1)
  2 ball pythons (D:1)
  3 endoplasms (D:1)
  4 giant cockroaches (D:1)
  3 goblins (D:1)
  A hobgoblin (D:1)
  3 jackals (D:1)
  A kobold (D:1)
  A quokka (D:1)
  4 bats (D:1)
  4 frilled lizards (D:1)
  A rat (D:1)
28 creatures vanquished.

Notes
Turn   | Place    | Note
-------+----------+-------------------------------------------
     0 | D:1      | Ashen the Naga Warper began the quest for the Orb.
     0 | D:1      | Reached XP level 1. HP: 19/19 MP: 3/3
   299 | D:1      | Reached XP level 2. HP: 26/26 MP: 5/5
   345 | D:1      | Reached skill level 1 in Armour
   576 | D:1      | Found Josiohit's Jewellery Boutique.
   713 | D:1      | Reached XP level 3. HP: 32/32 MP: 6/6
   762 | D:1      | Found a faded altar of an unknown god.
  1072 | D:1      | Mangled by a gnoll

Illustrated notes

Levels and vault maps discovered:
D:1:      dpeg_arrival_round_a, layout_loops_corners,
          ebering_ecumenical_altar_webs, serial_shops, shop

Skill      XL: |  1  2 |
---------------+-------+-----
Armour         | 1 |  1.1
Fighting       | |  2.2
Polearms       | |  2.3
Throwing       | |  0.9
Dodging        | |  1.9
Spellcasting   | |  2.2
Translocations | |  3.2

Action                     || total
---------------------------++-------
  Melee: Spear             ||    15
         Trident           ||    76
         Punch             ||     1
Ability: Spit Poison       ||     1
   Stab: Sleeping          ||     2
 Armour: Leather armour    ||    69
  Dodge: Dodged            ||    38
